AoeStats
← Barba_Tiesa

Arabia

511031268Analyzed
4v4 RM · 8h ago on Oct 3, 2026· 32m 11s· 8 players
Game mode
Random Map
Map size
Large (8 player)
Population
200
Speed
Normal
Resources
Standard
Victory
Conquest
Starting age
Dark Age
Ending age
Imperial Age
RankedLock teamsTeams togetherTeam positionsShared explorationLock speedFull tech treeHidden civsTurbo modeCheats
Victory
Defeat
🇦🇷 Magyars · Argentina
1340
+13
🇲🇾 Celts · Malaysia
1283
+15
🇦🇷 Vietnamese · Argentina
1207
+18
🇲🇽 Huns · Mexico
1185
+20
🇨🇴 Goths · Colombia
1275
-17
🇫🇷 Franks · France
1274
-17
🇺🇸 Britons · United States
1256
-16
🇷🇴 Mongols · Romania
1242
-16
Slayer
5:58 Loom
8:29 Feudal Age
11:51 Fletching
15:13 Double-Bit Axe
16:26 Padded Archer Armor
17:34 Horse Collar
26:54 Castle Age
26:57 Crossbowman
27:33 Bodkin Arrow
29:51 Leather Archer Armor
29:50 Bow Saw
Sageata
5:04 Loom
8:31 Feudal Age
9:28 Double-Bit Axe
10:55 Horse Collar
14:08 Scale Barding Armor
16:07 Forging
20:17 Gold Mining
20:17 Stone Mining
21:17 Bloodlines
24:00 Castle Age
25:07 Bow Saw
25:02 Heavy Plow
25:32 Chain Barding Armor
26:23 Iron Casting
26:57 Husbandry
When you're ready
4:05 Loom
10:34 Feudal Age
12:16 Man-at-Arms
14:01 Double-Bit Axe
15:59 Forging
21:30 Castle Age
23:29 Horse Collar
26:30 Scale Mail Armor
27:36 Fletching
888
7:44 Loom
9:51 Feudal Age
17:40 Fletching
21:40 Forging
21:36 Scale Barding Armor
27:07 Castle Age
25:11 Gold Mining
28:46 Iron Casting
28:31 Chain Barding Armor
28:34 Husbandry
32:11 Wheelbarrow
Barba_Tiesa
7:14 Loom
9:51 Feudal Age
10:22 Double-Bit Axe
12:12 Horse Collar
15:57 Wheelbarrow
17:23 Scale Barding Armor
18:12 Forging
18:19 Gold Mining
19:16 Bloodlines
23:19 Castle Age
24:29 Chain Barding Armor
24:10 Husbandry
28:23 Bow Saw
30:38 Iron Casting
ValkriaN
7:22 Loom
9:43 Feudal Age
10:37 Double-Bit Axe
12:51 Wheelbarrow
20:58 Bloodlines
22:52 Castle Age
21:01 Gold Mining
21:13 Horse Collar
21:59 Scale Barding Armor
23:57 Chain Barding Armor
23:38 Husbandry
28:07 Heavy Plow
31:06 Hand Cart
長安
6:25 Loom
9:23 Feudal Age
9:41 Man-at-Arms
17:11 Fletching
20:12 Padded Archer Armor
22:52 Horse Collar
25:55 Castle Age
24:21 Gold Mining
27:03 Double-Bit Axe
28:16 Bow Saw
28:26 Stone Mining
28:26 Town Watch
29:16 Wheelbarrow
28:44 Heavy Plow
32:27 Ballistics
|WolkF|
7:20 Loom
10:10 Feudal Age
12:39 Double-Bit Axe
13:51 Horse Collar
16:36 Fletching
19:14 Horse Collar
25:19 Castle Age
23:48 Padded Archer Armor
24:48 Gold Mining
25:21 Crossbowman
26:07 Thumb Ring
27:13 Bodkin Arrow
28:39 Leather Archer Armor
Connection lost

Rejoining the realm…

Still unreachable

The connection could not be restored.

Session expired

The server has moved on; the page needs a fresh start.